 Dungeon Crawl Stone Soup version 0.25-a0-1002-gbcf8c60d55 (webtiles) character file.

Game seed: 7354753312138796755, levelgen mode: deterministic

527680 Chiseanne the Warrior (level 24, -41/244 HPs)
             Began as a Demonspawn Wanderer on May 9, 2020.
             Was an Initiate of Gozag.
             Annihilated by a titan (55 damage)
             ... on level 5 of the Vaults on May 11, 2020.
             The game lasted 04:43:35 (77018 turns).

Chiseanne the Warrior (Demonspawn Wanderer)        Turns: 77018, Time: 04:43:35

Health: -41/244    AC: 40    Str: 18 (19) XL:     24   Next: 85%
Magic:  5/30       EV: 24    Int: 17      God:    Gozag
Gold:   2890       SH: 20    Dex: 15      Spells: 21/31 levels left

rFire    + + .     SeeInvis +   a - +8 mithril axe "Arga" {speed, MR+}
rCold    + . .     Gourm    .   P - +5 kite shield {reflect}
rNeg     + + .     Faith    .   r - +4 swamp dragon scales of Nugarawn {rPois rF+ rN++ Str+2 Int-4}
rPois    +         Spirit   .   o - +3 crown of Dyrovepreva {rElec Int+2 SInv}
rElec    +         Reflect  +   n - +2 cloak
rCorr    .         Harm     .   (gloves unavailable)
MR       +++..                  q - +2 pair of boots {run}
Stlth    ++++++....             R - amulet "Memiat" {Regen+ Dex+2}
HPRegen  0.90/turn              v - ring of the Princess {rF+ rC+ MR+}
MPRegen  0.22/turn              K - +6 ring of slaying

@: about to teleport, gold aura, sanguine armour, quick
A: claws 3, clumsy 1, demonic guardian 3, nightstalker 2, robust 2, shaggy fur
1, sanguine armour 3
}: 2/15 runes: decaying, gossamer
a: Potion Petition, Call Merchant, Bribe Branch, Renounce Religion


You were on level 5 of the Vaults.
You worshipped Gozag.
Gozag was most pleased with you.
You were not hungry.

You visited 9 branches of the dungeon, and saw 45 of its levels.
You visited the Abyss 1 time.
You visited 1 bazaar.
You also visited: Bailey and Ice Cave.

You collected 29215 gold pieces.
You spent 14990 gold pieces at shops.
You paid 11335 gold pieces to Gozag.

Inventory:

Hand Weapons
 a - the +8 mithril axe "Arga" (weapon) {speed, MR+}
   (You found it on level 3 of the Crypt)

   Attacks with this weapon are significantly faster.
   It affects your resistance to hostile enchantments.
 d - a +9 scimitar of flaming
 s - the +8 quick blade "Cookie Cutter" {venom, Str+4 Dex+3}
   (You found it on level 5 of the Depths)

   It poisons the flesh of those it strikes.
   It affects your strength (+4).
   It affects your dexterity (+3).
Missiles
 g - 2 boomerangs
 m - a throwing net
 H - 13 boomerangs of dispersal
 N - 13 curare-tipped darts (quivered)
Armour
 n - a +2 cloak (worn)
 o - the +3 crown of Dyrovepreva (worn) {rElec Int+2 SInv}
   (You bought it in a shop on level 15 of the Dungeon)

   It affects your intelligence (+2).
   It insulates you from electricity.
   It lets you see invisible.
 q - a +2 pair of boots of running (worn)
 r - the +4 swamp dragon scales of Nugarawn (worn) {rPois rF+ rN++ Str+2 Int-4}
   (You found it on level 6 of the Lair of Beasts)

   It affects your strength (+2).
   It affects your intelligence (-4).
   It protects you from fire.
   It protects you from poison.
   It greatly protects you from negative energy.
 P - a +5 kite shield of reflection (worn)
Magical Staves
 u - an uncursed staff of wizardry
Jewellery
 v - the ring of the Princess (left claw) {rF+ rC+ MR+}
   (You found it on level 6 of the Lair of Beasts)

   [ring of protection from fire]

   It protects you from fire.
   It protects you from cold.
   It affects your resistance to hostile enchantments.
 K - a +6 ring of slaying (right claw)
 R - the amulet "Memiat" (around neck) {Regen+ Dex+2}
   (You acquired it on level 9 of the Dungeon)

   [amulet of regeneration]

   It affects your dexterity (+2).
   It increases your rate of regeneration.
 Y - an uncursed ring of flight
Wands
 y - a wand of flame (34)
 A - a wand of digging (11)
 D - a wand of paralysis (2)
 S - a wand of disintegration (23)
Scrolls
 b - 7 scrolls of fog
 c - 24 scrolls of teleportation
 i - 12 scrolls of identify
 k - 5 scrolls of silence
 l - a scroll of enchant weapon
 E - 21 scrolls of remove curse
 F - 4 scrolls of immolation
 J - 8 scrolls of fear
 M - 6 scrolls of magic mapping
 Q - 2 scrolls of summoning
 U - 5 scrolls of blinking
Potions
 e - a potion of ambrosia
 f - a potion of haste
 h - 5 potions of cancellation
 j - 19 potions of curing
 p - a potion of invisibility
 G - 7 potions of flight
 V - 3 potions of stabbing
 X - 4 potions of resistance
Miscellaneous
 z - a phial of floods
 L - a lightning rod (4/4)
 O - a phantom mirror
 T - 2 boxes of beasts
Comestibles
 x - 12 rations


   Skills:
 * Level 20.0 Fighting
 - Level 4.5(7.6) Short Blades
 - Level 9.5(10.0) Long Blades
 - Level 5.0 Axes
 - Level 1.0 Throwing
 * Level 18.6 Armour
 * Level 18.7 Dodging
 - Level 11.4 Stealth
 * Level 17.2 Shields
 - Level 4.2 Spellcasting
 - Level 12.7 Translocations
 - Level 10.0 Evocations


You had 21 spell levels left.
You knew the following spells:

 Your Spells              Type           Power        Failure   Level  Hunger
a - Blink                 Tloc           N/A          1%          2    ##.....
b - Shroud of Golubria    Chrm/Tloc      ####..       2%          2    ##.....
c - Dispersal             Tloc           #####.....   19%         6    #######

Your spell library contained the following spells:

 Spells                   Type           Power        Failure   Level  Hunger
 Gell's Gravitas          Tloc           #####.....   1%          3    ###....
 Portal Projectile        Hex/Tloc       ####..       4%          3    ###....
 Iskenderun's Mystic Bla  Conj/Tloc      ####....     16%         4    ####...
 Corona                   Hex            #......      22%         1    None
 Foxfire                  Conj/Fire      #...         22%         1    None
 Freeze                   Ice            #...         22%         1    None
 Infusion                 Chrm           #...         22%         1    None
 Magic Dart               Conj           #...         22%         1    None
 Summon Small Mammal      Summ           #...         22%         1    None
 Call Imp                 Summ           #.......     32%         2    ##.....
 Corpse Rot               Necr/Air       N/A          32%         2    ##.....
 Ensorcelled Hibernation  Hex/Ice        #.....       32%         2    ##.....
 Poisonous Vapours        Pois/Air       #.....       32%         2    ##.....
 Searing Ray              Conj           #.....       32%         2    ##.....
 Slow                     Hex            #.......     32%         2    ##.....
 Song of Slaying          Chrm           #.......     32%         2    ##.....
 Sublimation of Blood     Necr           #.........   32%         2    ##.....
 Call Canine Familiar     Summ           #.......     54%         3    ###....
 Confusing Touch          Hex            #.......     54%         3    ###....
 Conjure Flame            Conj/Fire      #.......     54%         3    ###....
 Dazzling Flash           Conj/Hex       #.....       54%         3    ###....
 Frozen Ramparts          Ice            #.....       54%         3    ###....
 Inner Flame              Hex/Fire       #.......     54%         3    ###....
 Mephitic Cloud           Conj/Pois/Air  #.......     54%         3    ###....
 Ozocubu's Armour         Chrm/Ice       #.......     54%         3    ###....
 Spectral Weapon          Hex/Chrm       #.......     54%         3    ###....
 Summon Guardian Golem    Hex/Summ       #.......     54%         3    ###....
 Tukima's Dance           Hex            #.......     54%         3    ###....
 Cause Fear               Hex            #.........   91%         4    ####...
 Dispel Undead            Necr           #.......     91%         4    ####...
 Fulminant Prism          Conj/Hex       #.........   91%         4    ####...
 Hailstorm                Conj/Ice       #.......     91%         4    ####...
 Petrify                  Tmut/Erth      #.......     91%         4    ####...
 Sticky Flame             Conj/Fire      #.......     91%         4    ####...
 Summon Ice Beast         Ice/Summ       #.......     91%         4    ####...
 Summon Lightning Spire   Summ/Air       #.......     91%         4    ####...
 Agony                    Necr           #.......     99%         5    ######.
 Borgnjor's Vile Clutch   Necr/Erth      #.........   99%         5    ######.
 Excruciating Wounds      Chrm/Necr      #.........   99%         5    ######.
 Fireball                 Conj/Fire      #.........   99%         5    ######.
 Metabolic Englaciation   Hex/Ice        #.........   99%         5    ######.
 Silence                  Hex/Air        #.........   99%         5    ######.
 Yara's Violent Unravell  Hex/Tmut       #.........   99%         5    ######.
 Darkness                 Hex            #.........   100%        6    #######
 Freezing Cloud           Conj/Ice/Air   #.........   100%        6    #######
 Shadow Creatures         Summ           N/A          100%        6    #######
 Ring of Flames           Chrm/Fire      #.........   100%        7    #######
 Controlled Blink         Tloc           N/A          100%        8    #######
 Discord                  Hex            #.........   100%        8    #######
 Disjunction              Tloc           #####.....   100%        8    #######


Dungeon Overview and Level Annotations

Branches:
Dungeon (15/15)            Temple (1/1) D:7            Lair (6/6) D:9
  Swamp (4/4) Lair:3       Spider (4/4) Lair:2        Slime (0/5) Lair:6
    Orc (2/2) D:10            Elf (0/3) Orc:2        Vaults (5/5) D:13
  Crypt (3/3) Vaults:3       Tomb (0/3) Crypt:3      Depths (5/5) D:15
    Zot (0/5) Depths:5     Bailey (visited)           IceCv (visited)

Altars:
Ashenzari
Cheibriados
Dithmenos
Elyvilon
Fedhas
Gozag
Hepliaklqana
Kikubaaqudgha
Makhleb
Nemelex Xobeh
Okawaru
Qazlal
Ru
Sif Muna
Trog
Uskayaw
Vehumet
Wu Jian
Xom
Yredelemnul
Zin
The Shining One
Beogh

Shops:
D:8 *   D:9 [   D:13 [   D:14 [   D:15 [:([([   Orc:1 :   Orc:2 (=*:[:?
Vaults:4 :   Depths:2 *(:*[!%   Depths:4 =

Portals:
Hell: Depths:2 Depths:3 Depths:4 Depths:5
Abyss: Depths:3 Depths:4
Pandemonium: Depths:3 Depths:4 Depths:5
Ziggurat: Depths:3
Trove: Depths:4 (give 15 potions of curing)

Annotations:
D:6 2 transporters
D:14 Roxanne
D:15 dont forget the crypt
Lair:6 exclusion: 3 oklob plants
Crypt:3 exclusion: upstairs
Depths:4 1 runed translucent door


Innate Abilities, Weirdness & Mutations

You have claws for hands.
A powerful demonic guardian rushes to your aid.
You are significantly more attuned to the shadows.
You are very robust. (+20% HP)
When seriously injured, your bleeding wounds create very thick armour. (AC +12)
You are clumsy. (Dex -2)
You are covered in fur. (AC +1)


Message History

You block the ancient lich's attack. The titan hits you but does no damage.
The hungry ghost closely misses you.
The titan casts a spell.
The titan is healed somewhat.
You slash the titan!
The titan is severely wounded.
You slash the death knight!
The death knight reflects your damage back at you!
* * * LOW HITPOINT WARNING * * *
You slice the titan!! You slash the ironbrand convoker!
You slash the hungry ghost! You hit the ancient lich.
The death knight's dark mirror aura disappears.
Your cacodemon closely misses the ancient lich. x2
The wraith closely misses your cacodemon.
You block the ancient lich's attack.
The ironbrand convoker hits you with a +0 morningstar.
* * * LOW HITPOINT WARNING * * *
The death knight closely misses you. The titan hits you!!!
You die...
Your body crumbles into a pile of gold.

$ $ $ $ $ #....# $
...###...#....# $
..'#.....#....# $
#'......#..$.# #.
###.......#.CLW# #.#
$##.........#W2@.# #.# $
#..........#.pCp# #.#
...........#W..D##.# $
...........)).....#
############.()))...#########
...........).))<<)..|........
..........).))<))<..)........
.........(..)))<<.)))........
.............))))............


You could see a shadow dragon (strong), 2 titans, an ancient lich (fast,
strong), a death knight, a phantasmal warrior (summoned), an ironbrand convoker,
a hungry ghost (summoned), a wraith (summoned) and a friendly cacodemon
(summoned).

Vanquished Creatures
  Khufu (Crypt:1)
  An ancient lich (Crypt:3)
  Mara (Vaults:4)
  Bai Suzhen (Spider:3)
  2 greater mummies
  A curse toe (Crypt:3)
  Nikola (Spider:1)
  5 golden dragons
  Arachne (Spider:2)
  Rupert (D:15)
  5 tentacled monstrosities
  A hellephant (Abyss:5)
  An Ice Fiend (IceCv)
  4 liches
  3 titans
  Gastronok (Lair:1)
  A quicksilver dragon (Vaults:5)
  Frances (Spider:2)
  5 ancient champions
  A tentacled starspawn (Abyss:5)
  5 sphinxes
  Donald (Orc:2)
  2 storm dragons
  4 thorn hunters
  4 revenants
  6 tengu reavers
  8 fire giants
  11 frost giants
  3 shadow dragons
  2 deep elf sorcerers (Vaults:4)
  The ghost of iamserjio the Fighter, an adept OpCK of Xom (Spider:2)
  A ghost moth (shapeshifter) (Vaults:5)
  3 orc warlords
  2 emperor scorpions
  5 iron dragons
  Louise (Spider:1)
  A caustic shrike zombie (Crypt:2)
  A deep elf elementalist (Depths:4)
  7 vault wardens
  2 curse skulls (Crypt:3)
  A cacodemon (Depths:5)
  A draconian scorcher (Depths:5)
  9 ghouls (Crypt:2)
  A ghost moth (Depths:3)
  A spriggan defender (Depths:4)
  A war gargoyle (Depths:3)
  5 entropy weavers
  3 ironheart preservers
  12 very ugly things
  16 stone giants
  A green draconian (Depths:5)
  Azrael (D:13)
  A purple draconian (Depths:5)
  8 vampire knights
  2 deep elf demonologists
  2 red draconians (Depths:5)
  2 lorocyprocas (Depths:3)
  2 black draconians (Depths:5)
  6 deep elf annihilators
  6 spark wasps
  A green death (Depths:4)
  3 yellow draconians (Depths:5)
  A white draconian (Depths:5)
  7 eidola
  Snorg (D:13)
  2 deep elf death magi (Crypt:2)
  2 crystal guardians
  23 ettins
  Josephine (D:10)
  9 great orbs of eyes
  6 fire dragons
  4 jiangshi
  A quicksilver dragon zombie (Crypt:2)
  7 ogre magi
  A deep elf high priest (Vaults:5)
  13 yaktaur captains
  10 ice dragons
  3 catoblepae
  A rakshasa (Abyss:5)
  8 centaur warriors
  21 hydras
  3 death knights
  5 spriggan air magi
  33 vault guards
  A two-headed ogre (shapeshifter) (Depths:3)
  A shambling mangrove (Swamp:3)
  Erica (D:9)
  46 two-headed ogres
  10 alligators
  A ghost crab (Swamp:4)
  2 death scarabs (Spider:4)
  9 death yaks
  A death yak (shapeshifter) (Depths:3)
  8 vampire magi
  A satyr (shapeshifter) (Depths:3)
  Urug (D:13)
  13 deep troll earth magi
  5 spriggan berserkers
  5 deep troll shamans
  5 tengu warriors
  2 orc high priests (Vaults:3)
  A shock serpent (shapeshifter) (Depths:3)
  A titan zombie (Vaults:5)
  3 thrashing horrors (Abyss:5)
  3 soul eaters
  3 deep elf knights
  3 wretched stars (Abyss:5)
  4 iron trolls
  A shadow wraith (Abyss:5)
  2 sixfirhies
  44 skeletal warriors
  A storm dragon zombie (Crypt:2)
  3 hell knights (Depths:2)
  20 deep trolls
  5 flayed ghosts
  2 unseen horrors
  5 swamp dragons
  A death drake (Abyss:5)
  2 glowing orange brains
  2 deep elf archers
  6 wizards
  A quicksilver dragon simulacrum (Crypt:2)
  A swamp dragon (shapeshifter) (Vaults:5)
  A spriggan druid (Swamp:2)
  8 ironbrand convokers
  13 phantasmal warriors
  Pikel (D:9)
  A shadow dragon zombie (Crypt:1)
  2 wolf spider zombies
  24 orc knights
  19 orb spiders
  4 orc sorcerers
  9 necromancers
  13 wolf spiders
  7 deep elf magi
  19 ugly things
  10 cyclopes
  A mana viper (shapeshifter) (Depths:3)
  A tengu skeleton (Vaults:4)
  3 stone giant zombies
  7 elephants (Lair:6)
  A stone giant skeleton (Crypt:1)
  An apocalypse crab (Abyss:5)
  An orange demon (Depths:4)
  2 fire giant skeletons
  An ice statue (IceCv)
  2 black mambas
  A black mamba (shapeshifter) (Vaults:4)
  An iron dragon skeleton (Vaults:4)
  15 vault sentinels
  A guardian serpent (D:9)
  7 large abominations (Abyss:5)
  6 gargoyles
  A spriggan skeleton (Depths:4)
  A torpor snail (Spider:2)
  A smoke demon (Depths:4)
  Psyche (D:8)
  7 efreet
  3 centaur skeletons
  9 spiny frogs
  An elf skeleton (Vaults:5)
  8 komodo dragons
  A kobold demonologist (Depths:4)
  Maggie (D:10)
  4 anaconda simulacra
  6 rime drakes
  An elf (Depths:2)
  A red draconian skeleton (Crypt:2)
  16 freezing wraiths
  43 yaktaurs
  6 ice devils
  3 ancient zymes (Abyss:5)
  10 demonic crawlers
  3 tengu conjurers
  A purple draconian skeleton (Crypt:2)
  A hydra zombie (Crypt:1)
  24 jumping spiders
  A yaktaur skeleton (Vaults:5)
  A meliai (D:10)
  2 trolls (shapeshifter) (Vaults:4)
  2 golden dragon simulacra
  A meliai (shapeshifter) (Depths:3)
  2 queen bees
  5 tyrant leeches
  4 polar bears
  A queen bee (shapeshifter) (Vaults:2)
  9 hornets
  12 trolls
  An iron troll skeleton (Crypt:3)
  15 slime creatures
  An iron dragon simulacrum (Depths:4)
  12 hippogriffs
  12 bog bodies
  4 raiju (Abyss:5)
  8 blink frogs
  2 hippogriffs (shapeshifter)
  4 dream sheep (Lair:5)
  A frost giant simulacrum (Depths:4)
  2 human simulacra
  A hydra skeleton (Crypt:3)
  3 dire elephant simulacra (IceCv)
  A black mamba zombie (Crypt:1)
  6 flying skulls
  An ettin skeleton (Crypt:3)
  A fire dragon skeleton (Crypt:3)
  12 wraiths
  2 ynoxinuls
  6 spriggans
  60 yaks
  A yak (shapeshifter) (Vaults:1)
  4 vampires
  A redback (shapeshifter) (Depths:5)
  A water elemental (D:12)
  4 fire elementals (D:13)
  A shadow (Swamp:3)
  49 redbacks
  22 tarantellas
  3 wyverns
  An alligator skeleton (Crypt:3)
  6 basilisks
  A human (shapeshifter) (Vaults:3)
  Grum (D:9)
  6 neqoxecs
  A wyvern (shapeshifter) (Depths:2)
  8 humans
  14 vampire mosquitoes
  3 chaos spawn
  2 hydra simulacra (IceCv)
  2 harpy simulacra (IceCv)
  6 wargs
  6 soldier ants
  An iron troll simulacrum (IceCv)
  6 insubstantial wisps (Swamp:2)
  7 swamp worms
  3 acid dragons
  An acid dragon (shapeshifter) (Depths:1)
  4 hell hounds (D:13)
  19 water moccasins
  A floating eye (shapeshifter) (Vaults:5)
  45 orc warriors
  A hornet zombie (D:12)
  An infernal demonspawn skeleton (Crypt:1)
  6 porcupines
  2 small abominations (Abyss:5)
  A black bear (D:10)
  4 ice beasts
  2 phantoms
  10 swamp drakes
  2 eyes of draining (D:12)
  A slave (D:9)
  6 necrophages
  3 sky beasts
  2 alligator simulacra (IceCv)
  3 ettin simulacra (IceCv)
  A swamp dragon zombie (Crypt:2)
  13 centaurs
  2 snapping turtle skeletons
  A wolf (shapeshifter) (Depths:1)
  36 ogres
  11 boggarts
  29 wolves
  A lindwurm skeleton (Crypt:1)
  13 crocodiles
  2 human skeletons (Vaults:4)
  3 big kobolds
  19 bullfrogs
  A komodo dragon skeleton (Crypt:1)
  A water moccasin zombie (Crypt:1)
  5 scorpions
  A raiju zombie (Crypt:2)
  A water moccasin skeleton (Crypt:1)
  40 killer bees
  An elf simulacrum (Vaults:3)
  10 wights
  11 electric eels
  5 centaur zombies
  4 howler monkeys
  9 crimson imps
  A bullfrog zombie (D:12)
  2 quasits
  5 draconian simulacra (IceCv)
  6 hounds
  4 iron imps (Depths:4)
  24 orc priests
  2 yaktaur simulacra
  3 jellies
  Crazy Yiuf (D:7)
  11 orc wizards
  6 iguanas
  A demonspawn skeleton (Crypt:3)
  15 worker ants
  Natasha (twice) (D:4)
  5 troll simulacra (IceCv)
  A killer bee zombie (D:6)
  2 spectral hounds (Depths:2)
  A demigod skeleton (Crypt:1)
  2 hound skeletons
  3 mummies
  A worker ant zombie (D:10)
  8 gnolls
  11 adders
  2 naga simulacra (IceCv)
  An ogre simulacrum (Crypt:3)
  6 shadow imps
  5 white imps (IceCv)
  8 ufetubi (IceCv)
  A lava snake skeleton (Crypt:3)
  4 worms
  2 dart slugs
  9 leopard geckos
  89 orcs
  3 ball pythons
  8 bats
  4 giant cockroaches
  5 hobgoblins
  7 jackals
  4 quokkas
  7 frilled lizards
  13 goblins
  A goblin skeleton (Crypt:3)
  A hobgoblin zombie (Crypt:2)
  A jackal zombie (D:8)
  19 kobolds
  A leopard gecko skeleton (D:4)
  An orc skeleton (Crypt:2)
  An orc zombie (Crypt:1)
  A quokka skeleton (D:4)
  8 rats
  A river rat skeleton (Crypt:1)
  2 briar patches (Swamp:4)
  A butterfly (Lair:4)
  A fire vortex (Depths:1)
1939 creatures vanquished.

Vanquished Creatures (collateral kills)
  2 ancient liches
  A juggernaut (shapeshifter) (Vaults:5)
  A greater mummy (Crypt:1)
  A golden dragon (Depths:1)
  A bone dragon (Depths:5)
  A tentacled monstrosity (Depths:5)
  2 titans
  A sphinx (Depths:3)
  2 tengu reavers (Vaults:5)
  A storm dragon (Depths:4)
  A revenant (Crypt:2)
  A thorn hunter (Swamp:4)
  2 fire giants
  3 vault wardens
  A deep elf sorcerer (Vaults:5)
  4 frost giants
  A ghoul (Crypt:2)
  4 ironheart preservers
  6 stone giants
  4 very ugly things
  A vampire knight (Crypt:2)
  A deep elf annihilator (Vaults:5)
  A spark wasp (Depths:1)
  A jiangshi (Crypt:2)
  2 yaktaur captains
  3 fire dragons
  An ice dragon (shapeshifter) (Depths:3)
  2 ice dragons (Depths:1)
  2 vault guards
  7 hydras
  A catoblepas (D:13)
  12 ogre magi
  A death yak (Lair:5)
  2 death knights
  17 two-headed ogres
  2 alligators
  A deep troll shaman (Lair:6)
  2 tengu warriors (Depths:1)
  A queen ant (Lair:2)
  An orc high priest (Depths:2)
  A spriggan berserker (Depths:1)
  A shock serpent (shapeshifter) (Depths:3)
  A deep elf knight (Vaults:3)
  10 skeletal warriors
  A fire crab (shapeshifter) (Vaults:4)
  An iron troll (Depths:4)
  6 swamp dragons (Swamp:4)
  A deep troll (Depths:1)
  4 orc knights
  3 ironbrand convokers
  A phantasmal warrior (Crypt:1)
  A harpy (shapeshifter) (D:11)
  A deep elf archer (Vaults:3)
  2 wolf spiders
  An orb spider (Spider:2)
  9 ugly things
  A deep elf mage (Vaults:3)
  A guardian serpent (D:9)
  3 vault sentinels
  2 centaur skeletons
  4 yaktaurs
  A troll (D:10)
  A queen bee (shapeshifter) (Vaults:2)
  3 jumping spiders (Spider:1)
  A tengu conjurer (Depths:1)
  7 hornets
  2 bog bodies
  7 slime creatures
  A human simulacrum (Vaults:2)
  2 dream sheep (Lair:5)
  6 redbacks
  A spriggan (Swamp:4)
  4 yaks
  3 tarantellas
  A human (D:13)
  A chaos spawn (Abyss:5)
  2 vampire mosquitoes (Swamp:2)
  A warg (Vaults:2)
  A spectral hornet (Spider:4)
  An ice beast (D:8)
  5 orc warriors
  2 swamp drakes (Swamp:4)
  16 ogres
  A boggart (Vaults:2)
  A manticore skeleton (Crypt:2)
  A crocodile (Lair:6)
  A bullfrog (D:6)
  A scorpion (D:4)
  A bullfrog zombie (D:6)
  An orc priest (D:3)
  A hound (D:11)
  Jessica (D:2)
  Natasha (D:4)
  3 orc wizards
  An adder (D:10)
  10 orcs
249 creatures vanquished.

Vanquished Creatures (others)
  A deep elf master archer (Depths:3)
  A fire giant (Depths:1)
  A deep elf annihilator (Depths:3)
  A fire dragon (Depths:3)
  A yaktaur captain (Depths:2)
  An ice dragon (Depths:3)
  4 dancing weapons
  A deep elf knight (Vaults:3)
  An unseen horror (D:13)
  A necromancer (Crypt:3)
  An ironbrand convoker (Vaults:1)
  A deep elf mage (Depths:3)
  A wolf spider (Spider:2)
  2 orb spiders
  A cyclops (Orc:2)
  An oklob plant (Lair:6)
  A naga mage (Depths:3)
  A demonic crawler (Spider:2)
  5 yaktaurs
  An ancient zyme (Abyss:5)
  A troll (Orc:2)
  A tarantella (Spider:2)
  A wyvern (D:9)
  A golden eye (Abyss:5)
  A human (D:13)
  A swamp drake (Swamp:2)
  3 slaves (D:9)
  An ogre (Orc:2)
  A centaur (Depths:2)
  A wolf (Depths:2)
  An orc wizard (D:11)
  2 white imps (IceCv)
  3 ufetubi (IceCv)
  An orc (D:4)
  2 briar patches (Swamp:4)
  2 bushes (D:9)
  18 fungi
  21 plants
  28 withered plants (Crypt:3)
118 creatures vanquished.

Grand Total: 2306 creatures vanquished

Notes
Turn   | Place    | Note
-------+----------+-------------------------------------------
     0 | D:1      | Chiseanne the Demonspawn Wanderer began the quest for the
                  | Orb.
     0 | D:1      | Chiseanne set off with the following items: a +2 hand axe,
                  | a potion of lignification, a scroll of teleportation, a +0
                  | robe, a ration
     0 | D:1      | Reached XP level 1. HP: 18/18 MP: 1/1
     3 | D:1      | Noticed an electric eel
     3 | D:1      | Noticed an electric eel
   212 | D:1      | Gained mutation: A weak demonic guardian rushes to your
                  | aid. [demonic ancestry]
   212 | D:1      | Reached XP level 2. HP: 24/24 MP: 2/2
   835 | D:1      | Reached XP level 3. HP: 23/29 MP: 3/3
  1510 | D:2      | Reached XP level 4. HP: 32/37 MP: 4/4
  1610 | D:2      | Noticed Jessica
  1622 | D:2      | Killed Jessica
  1622 | D:2      | Reached skill level 4 in Fighting
  2376 | D:3      | Gained mutation: You are slightly more attuned to the
                  | shadows. [demonic ancestry]
  2376 | D:3      | Reached XP level 5. HP: 27/42 MP: 5/5
  2687 | D:3      | Found a sparkling altar of Nemelex Xobeh.
  3416 | D:3      | Found a basalt altar of Yredelemnul.
  3950 | D:4      | Reached XP level 6. HP: 42/50 MP: 6/6
  4104 | D:4      | Noticed Natasha
  4114 | D:5      | Entered Level 5 of the Dungeon
  4490 | D:5      | Reached skill level 5 in Fighting
  4695 | D:5      | Found a snail-covered altar of Cheibriados.
  5454 | D:4      | You fall into a shaft and drop 3 floors!
  5494 | D:7      | Found a staircase to the Ecumenical Temple.
  5630 | Temple   | Entered the Ecumenical Temple
  5869 | D:6      | Gained mutation: When seriously injured, your bleeding
                  | wounds create armour. (AC +12) [demonic ancestry]
  5869 | D:6      | Reached XP level 7. HP: 50/56 MP: 7/7
  6045 | D:6      | Found a transporter.
  6088 | D:6      | Noticed a kobold demonologist
  6097 | D:6      | Found a transporter.
  6113 | D:6      | Noticed a kobold demonologist
  6190 | D:6      | Found an iron altar of Okawaru.
  6910 | D:4      | Killed Natasha
  6941 | D:4      | Noticed Natasha
  7141 | D:4      | Reached skill level 1 in Short Blades
  7177 | D:4      | Killed Natasha
  7198 | D:4      | Noticed Natasha
  7207 | D:4      | Killed Natasha
  7408 | D:4      | Found a stormy altar of Qazlal.
  7409 | D:4      | Found an opulent altar of Gozag.
  7415 | D:4      | Found a hazy altar of Hepliaklqana.
  7415 | D:4      | Found a sparkling altar of Nemelex Xobeh.
  7454 | D:4      | Reached XP level 8. HP: 16/64 MP: 8/8
  7692 | D:4      | Became a worshipper of Gozag Ym Sagoz the Greedy
  7714 | D:4      | Reached skill level 5 in Dodging
  7818 | D:4      | Reached skill level 6 in Fighting
  8641 | D:7      | Found a runed translucent door.
  8641 | D:7      | Noticed Crazy Yiuf
  8652 | D:7      | Killed Crazy Yiuf
  9392 | D:8      | Reached skill level 5 in Armour
  9757 | D:8      | Noticed Psyche
  9791 | D:8      | Killed Psyche
  9791 | D:8      | Reached skill level 7 in Fighting
  9791 | D:8      | Reached XP level 9. HP: 72/72 MP: 9/9
  9962 | D:8      | Found a sacrificial altar of Ru.
  9998 | D:8      | Noticed a queen bee
 10128 | D:8      | Killed a queen bee
 10866 | D:8      | Reached skill level 8 in Fighting
 10988 | D:8      | Found Juh Mish's Lightly-Used Armoury.
 11090 | D:8      | Found a white marble altar of Elyvilon.
 11090 | D:8      | Found an ornate altar of the Wu Jian Council.
 11091 | D:8      | Found a shadowy altar of Dithmenos.
 11107 | D:8      | Found a bloodstained altar of Trog.
 11194 | D:9      | Noticed Grum
 11216 | D:9      | Killed Grum
 11411 | D:9      | Gained mutation: You are significantly more attuned to the
                  | shadows. [demonic ancestry]
 11411 | D:9      | Reached XP level 10. HP: 74/81 MP: 10/10
 11435 | D:9      | Noticed Erica
 11444 | D:9      | Killed Erica
 11524 | D:9      | Noticed a guardian serpent
 11609 | D:9      | Found a flagged portal.
 11624 | D:9      | Identified a scroll of acquirement
 11624 | D:9      | Identified the amulet "Memiat" {Regen+ Dex+2} (You acquired
                  | it on level 9 of the Dungeon)
 11630 | Bailey   | Entered a bailey
 11717 | Bailey   | Noticed an orc knight
 11753 | Bailey   | Killed an orc knight
 11813 | Bailey   | Reached skill level 9 in Fighting
 12303 | D:9      | Killed a guardian serpent
 12386 | D:9      | Noticed Pikel
 12419 | D:9      | Killed Pikel
 12419 | D:9      | Gained mutation: You have sharp fingernails. [demonic
                  | ancestry]
 12419 | D:9      | Reached XP level 11. HP: 89/89 MP: 11/11
 12747 | D:9      | Found a staircase to the Lair.
 12760 | D:9      | Bought a shiny buckler for 240 gold pieces
 12769 | D:9      | Bought a brightly glowing plate armour for 896 gold pieces
 12770 | D:9      | Identified the +1 plate armour "Yggeit" {Slay+3} (You
                  | bought it in a shop on level 9 of the Dungeon)
 12783 | D:9      | Bought a runed kite shield for 240 gold pieces
 12783 | D:9      | Bought a warped leather armour for 224 gold pieces
 12784 | D:9      | Identified the +1 leather armour "Fuyl" {MP+9 Slay-3
                  | Stlth+} (You bought it in a shop on level 9 of the Dungeon)
 13305 | D:10     | Entered Level 10 of the Dungeon
 13327 | D:10     | Reached skill level 5 in Stealth
 13445 | D:10     | Reached skill level 1 in Shields
 13701 | D:10     | Reached skill level 10 in Fighting
 13801 | D:10     | Noticed a two-headed ogre
 13834 | D:10     | Killed a two-headed ogre
 14005 | D:10     | Noticed Maggie
 14016 | D:10     | Killed Maggie
 14129 | D:10     | Found a staircase to the Orcish Mines.
 14409 | D:10     | Noticed a catoblepas
 14409 | D:10     | Noticed a yaktaur captain
 14409 | D:10     | Noticed a cyan ugly thing
 14446 | D:10     | Killed a cyan ugly thing
 14480 | D:10     | Killed a catoblepas
 14502 | D:10     | Killed a yaktaur captain
 14562 | D:10     | Identified a +0 pair of boots of running (You found it on
                  | level 10 of the Dungeon)
 14730 | D:11     | Noticed Josephine
 14784 | D:10     | Gained mutation: You have very sharp fingernails. [demonic
                  | ancestry]
 14784 | D:10     | Reached XP level 12. HP: 85/98 MP: 12/12
 14972 | D:10     | Killed Josephine
 15018 | D:11     | Noticed a two-headed ogre
 15028 | D:11     | Killed a two-headed ogre
 15045 | D:11     | Found a sparkling altar of Nemelex Xobeh.
 15986 | D:12     | Reached skill level 10 in Dodging
 16032 | D:12     | Reached skill level 11 in Fighting
 16547 | D:12     | Reached skill level 5 in Shields
 16568 | D:12     | Found a shimmering altar of Xom.
 17356 | D:13     | Found Pogeof's Armour Shoppe.
 17357 | D:13     | Noticed a catoblepas
 17386 | D:13     | Killed a catoblepas
 17398 | D:13     | Bought a +0 helmet for 54 gold pieces
 17433 | D:13     | Reached skill level 10 in Armour
 17678 | D:13     | Noticed Azrael
 17773 | D:14     | Found Byptim's Antique Armour Emporium.
 17894 | D:14     | Noticed a centaur warrior
 17898 | D:14     | Killed a centaur warrior
 17898 | D:14     | Gained mutation: You have claws for hands. [demonic
                  | ancestry]
 17898 | D:14     | Reached XP level 13. HP: 106/106 MP: 13/13
 18074 | D:14     | Bought a runed helmet for 180 gold pieces
 18657 | D:14     | Noticed Roxanne
 19503 | D:15     | Entered Level 15 of the Dungeon
 19565 | D:15     | Noticed Rupert
 19613 | D:15     | Paralysed by Rupert for 3 turns
 20390 | Orc:1    | Entered Level 1 of the Orcish Mines
 20558 | Orc:1    | Paralysed by an orc sorcerer for 7 turns
 20862 | Orc:1    | Found a burning altar of Makhleb.
 20954 | Orc:1    | Found Woejicw's Book Emporium.
 21064 | Orc:2    | Entered Level 2 of the Orcish Mines
 21118 | Orc:2    | Found Rihuh's Assorted Antiques.
 21188 | Orc:2    | Bought a scroll labeled BUBRAI WUXEKK for 31 gold pieces
 21188 | Orc:2    | Bought a copper wand for 124 gold pieces
 21188 | Orc:2    | Bought a scroll of blinking for 232 gold pieces
 21188 | Orc:2    | Bought a scroll of blinking for 232 gold pieces
 21188 | Orc:2    | Bought a scroll of teleportation for 93 gold pieces
 21188 | Orc:2    | Bought a scroll of teleportation for 93 gold pieces
 21188 | Orc:2    | Bought a bloodstained short sword for 248 gold pieces
 21208 | Orc:2    | Reached skill level 12 in Fighting
 21394 | Orc:1    | Identified the cursed +2 short sword "Faygitopp" {vorpal,
                  | rElec rF- MR+++ MP-9} (You bought it in a shop on level 2
                  | of the Orcish Mines)
 21809 | Lair:1   | Entered Level 1 of the Lair of Beasts
 22286 | Lair:1   | Noticed Gastronok
 22317 | Lair:1   | Killed Gastronok
 22317 | Lair:1   | Gained mutation: When seriously injured, your bleeding
                  | wounds create thick armour. (AC +12) [demonic ancestry]
 22317 | Lair:1   | Reached XP level 14. HP: 46/115 MP: 14/14
 24003 | Lair:2   | Found a hole to the Spider Nest.
 24891 | Lair:3   | Reached skill level 10 in Stealth
 24916 | Lair:3   | Found a staircase to the Swamp.
 28026 | Lair:5   | Reached skill level 13 in Fighting
 28931 | Lair:6   | Entered Level 6 of the Lair of Beasts
 29124 | Lair:6   | Found the ring of Shadows {Umbra +Inv Stlth+}
 29145 | Lair:6   | Found a staircase to the Slime Pits.
 29267 | Lair:5   | Gained mutation: When seriously injured, your bleeding
                  | wounds create very thick armour. (AC +12) [demonic
                  | ancestry]
 29267 | Lair:5   | Reached XP level 15. HP: 31/123 MP: 15/15
 30279 | Lair:6   | Got an ancient bone ring
 30291 | Lair:6   | Identified the ring of the Princess {rF+ rC+ MR+} (You
                  | found it on level 6 of the Lair of Beasts)
 30292 | Lair:6   | Identified the +7 mace "Faiskac" {protect, rPois rC+} (You
                  | found it on level 6 of the Lair of Beasts)
 30804 | Lair:6   | Identified the +4 swamp dragon scales of Nugarawn {rPois
                  | rF+ rN++ Str+2 Int-4} (You found it on level 6 of the Lair
                  | of Beasts)
 31802 | D:13     | Noticed Urug
 31818 | D:13     | Killed Urug
 32008 | D:13     | Found a gate to the Vaults.
 32060 | D:13     | Noticed Snorg
 32071 | D:13     | Killed Snorg
 32696 | D:15     | Found a staircase to the Depths.
 32878 | D:15     | Bought a blackened dagger for 259 gold pieces
 32878 | D:15     | Bought a fine morningstar for 333 gold pieces
 32878 | D:15     | Bought an ancient demon trident for 740 gold pieces
 32878 | D:15     | Bought a glowing broad axe for 259 gold pieces
 32886 | D:15     | Identified the +8 demon trident "Wimatari" {flame, Str+5
                  | Int+4 Dex+4} (You bought it in a shop on level 15 of the
                  | Dungeon)
 32887 | D:15     | Identified the +6 dagger of Anxiety {vorpal, +Inv Int+4
                  | Dex+6} (You bought it in a shop on level 15 of the Dungeon)
 32888 | D:15     | Identified the cursed +1 morningstar "Etzagiam" {speed, rF-
                  | Int+7 Dex+4} (You bought it in a shop on level 15 of the
                  | Dungeon)
 33062 | D:13     | Killed Azrael
 33194 | Orc:2    | Found Vauleg's Jewellery Shop.
 33213 | Orc:2    | Reached skill level 1 in Spellcasting
 33317 | Orc:2    | Noticed Donald
 33332 | Orc:2    | Killed Donald
 33386 | Orc:2    | Found Qoekaim's Antique Weapon Shop.
 33669 | Orc:2    | Found Ykkuninu's Armour Shop.
 33679 | Orc:2    | Found Oferyesy's Book Shop.
 33688 | Orc:2    | Bought a book of the Warp for 1350 gold pieces
 33688 | Orc:2    | Found Uzyuly's Food Emporium.
 33693 | Orc:2    | Found Ydyokk's Magic Scroll Boutique.
 33699 | Orc:2    | Bought a scroll of identify for 22 gold pieces
 33699 | Orc:2    | Bought a scroll of silence for 82 gold pieces
 33699 | Orc:2    | Bought a scroll of remove curse for 33 gold pieces
 33699 | Orc:2    | Bought a scroll of identify for 22 gold pieces
 33699 | Orc:2    | Bought a scroll of blinking for 82 gold pieces
 33699 | Orc:2    | Bought a scroll of enchant armour for 82 gold pieces
 33723 | Orc:2    | Found a staircase to the Elven Halls.
 33742 | Orc:2    | Found Nyadorch's Book Emporium.
 34279 | Swamp:1  | Entered Level 1 of the Swamp
 34302 | Swamp:1  | Noticed a thorn hunter
 34337 | Swamp:1  | Killed a thorn hunter
 34337 | Swamp:1  | Reached skill level 1 in Long Blades
 34603 | Swamp:1  | Gained mutation: A demonic guardian rushes to your aid.
                  | [demonic ancestry]
 34603 | Swamp:1  | Reached XP level 16. HP: 132/132 MP: 19/19
 35361 | Swamp:2  | Reached skill level 5 in Long Blades
 35382 | Swamp:2  | Found a frozen archway.
 35560 | IceCv    | Entered an ice cave
 35873 | IceCv    | Got a pitted hand axe
 35874 | IceCv    | Identified the +7 hand axe "Hitel" {freeze, Int+2 Stlth+}
                  | (You found it in an ice cave)
 36733 | IceCv    | Noticed an Ice Fiend
 36872 | IceCv    | Killed an Ice Fiend
 37144 | IceCv    | Found the +3 pair of gauntlets of War {Slay+5}
 37185 | IceCv    | Identified a +0 pair of boots of running (You found it in
                  | an ice cave)
 38573 | Swamp:3  | Paralysed by a hornet for 3 turns
 39014 | Swamp:3  | Noticed a tentacled monstrosity
 39046 | Swamp:3  | Killed a tentacled monstrosity
 39327 | Swamp:4  | Entered Level 4 of the Swamp
 39613 | Swamp:4  | Noticed a thorn hunter
 39624 | Swamp:4  | Killed a thorn hunter
 39856 | Swamp:4  | Reached skill level 10 in Shields
 39977 | Swamp:4  | Noticed a thorn hunter
 40238 | Swamp:4  | Noticed a thorn hunter
 40273 | Swamp:4  | Killed a thorn hunter
 40313 | Swamp:4  | Killed a thorn hunter
 40496 | Swamp:4  | Noticed a thorn hunter
 40507 | Swamp:4  | Killed a thorn hunter
 40507 | Swamp:4  | Gained mutation: You are robust. (+10% HP) [demonic
                  | ancestry]
 40507 | Swamp:4  | Reached XP level 17. HP: 74/151 MP: 22/22
 40634 | Swamp:4  | Got a decaying rune of Zot
 41193 | Orc:2    | Bought a scroll of acquirement for 572 gold pieces
 41197 | Orc:2    | Bought a scroll of immolation for 38 gold pieces
 41350 | Spider:1 | Entered Level 1 of the Spider Nest
 41756 | Spider:1 | Reached skill level 14 in Fighting
 41900 | Spider:1 | Noticed Nikola
 41911 | Spider:1 | Killed Nikola
 41911 | Spider:1 | Reached skill level 1 in Evocations
 41918 | Spider:1 | Noticed Louise
 42126 | Spider:1 | Killed Louise
 43024 | Spider:2 | Noticed Frances
 43040 | Spider:2 | Killed Frances
 43274 | Spider:2 | Noticed Arachne
 43300 | Spider:2 | Killed Arachne
 43487 | Spider:2 | Found the +3 salamander hide armour {+Rage rF++}
 43867 | Spider:2 | Found a runed translucent gate.
 43868 | Spider:2 | Found a runed translucent gate.
 43874 | Spider:2 | Found a runed translucent gate.
 43874 | Spider:2 | Noticed iamserjio's ghost (adept OpCK)
 43887 | Spider:2 | Chiseanne: ty! lol
 43898 | Spider:2 | Killed iamserjio's ghost
 44226 | Spider:3 | Noticed Bai Suzhen
 44251 | Spider:3 | Killed Bai Suzhen
 45291 | Spider:4 | Entered Level 4 of the Spider Nest
 45570 | Spider:4 | Got a gossamer rune of Zot
 45970 | D:15     | Learned a level 2 spell: Blink
 46036 | D:15     | Found a glowing silver altar of Zin.
 46106 | D:15     | Killed Rupert
 46106 | D:15     | Reached skill level 5 in Evocations
 46106 | D:15     | Gained mutation: You are very robust. (+20% HP) [demonic
                  | ancestry]
 46106 | D:15     | Reached XP level 18. HP: 154/176 MP: 24/24
 46198 | D:15     | Bought the +2 helmet of the Many Tables {rC+ Str+2} for 425
                  | gold pieces
 46415 | Orc:2    | Bought a hardcover book for 465 gold pieces
 46512 | Vaults:1 | Entered Level 1 of the Vaults
 46533 | Vaults:1 | Reached skill level 1 in Translocations
 46636 | Vaults:1 | Reached skill level 5 in Translocations
 47228 | Vaults:1 | Found a flickering gateway to a bazaar.
 47238 | Bazaar   | Entered a bazaar
 47238 | Bazaar   | Found Duvamiat's Weapon Shoppe.
 47238 | Bazaar   | Found Asofor's Magic Scroll Emporium.
 47270 | Bazaar   | Found Lento's General Store.
 47278 | Bazaar   | Found Licouj's Weapon Shop.
 47284 | Bazaar   | Bought the +7 lajatang of Order {silver, rMut} for 438 gold
                  | pieces
 47284 | Bazaar   | Found the +7 lajatang of Order {silver, rMut}
 47315 | Bazaar   | Found Epnio's Antique Armour Boutique.
 47321 | Bazaar   | Bought a polished leather armour for 168 gold pieces
 47321 | Bazaar   | Bought a scorched leather armour for 168 gold pieces
 47322 | Bazaar   | Identified the +1 leather armour "Tuqoukeu" {rCorr Str+2
                  | Stlth+} (You bought it in a shop in a bazaar)
 47328 | Bazaar   | Identified the +0 leather armour of Loss {Regen+} (You
                  | bought it in a shop in a bazaar)
 47345 | Bazaar   | Bought a scroll of fog for 22 gold pieces
 47345 | Bazaar   | Bought a scroll of teleportation for 33 gold pieces
 47345 | Bazaar   | Bought a scroll of magic mapping for 38 gold pieces
 47345 | Bazaar   | Bought a scroll of amnesia for 38 gold pieces
 47345 | Bazaar   | Bought a scroll of identify for 22 gold pieces
 47361 | Bazaar   | Bought a scroll of identify for 16 gold pieces
 47361 | Bazaar   | Bought a scroll of torment for 60 gold pieces
 47598 | Vaults:1 | Learned a level 2 spell: Shroud of Golubria
 47907 | Vaults:1 | Reached skill level 10 in Translocations
 48555 | Vaults:1 | You fall into a shaft and drop 1 floor!
 51077 | Vaults:3 | Reached XP level 19. HP: 122/184 MP: 25/25
 51196 | Vaults:3 | Reached skill level 15 in Fighting
 53308 | Vaults:3 | Found a staircase to the Crypt.
 53485 | Vaults:4 | Found Ruwna's Book Shop.
 54096 | Vaults:4 | Noticed Mara
 54109 | Vaults:4 | Noticed Chiseanne's illusion
 54125 | Vaults:4 | Killed Mara
 54596 | Vaults:4 | Reached XP level 20. HP: 145/196 MP: 26/26
 56101 | Orc:2    | Bought a ration for 50 gold pieces
 56101 | Orc:2    | Bought a ration for 50 gold pieces
 56244 | D:15     | Bought the +3 crown of Dyrovepreva {rElec Int+2 SInv} for
                  | 1614 gold pieces
 56244 | D:15     | Found the +3 crown of Dyrovepreva {rElec Int+2 SInv}
 56268 | D:15     | Bought a faintly glowing chain mail for 370 gold pieces
 56270 | D:15     | Identified the +9 chain mail "Zaxoiqir" {-Tele rElec Dex+3}
                  | (You bought it in a shop on level 15 of the Dungeon)
 56769 | Depths:1 | Entered Level 1 of the Depths
 56876 | Depths:1 | Reached skill level 15 in Dodging
 56909 | Depths:1 | Noticed a golden dragon
 56911 | Depths:1 | Noticed a golden dragon
 57022 | Depths:1 | Reached skill level 16 in Fighting
 57023 | Depths:1 | Killed a golden dragon
 57257 | Depths:1 | Reached skill level 15 in Armour
 57270 | Depths:1 | Killed a golden dragon
 58669 | Orc:2    | Bought a ration for 50 gold pieces
 58669 | Orc:2    | Bought a ration for 50 gold pieces
 58669 | Orc:2    | Bought a ration for 50 gold pieces
 58669 | Orc:2    | Bought a ration for 50 gold pieces
 58669 | Orc:2    | Bought a ration for 50 gold pieces
 58669 | Orc:2    | Bought a ration for 50 gold pieces
 58669 | Orc:2    | Bought a ration for 50 gold pieces
 58669 | Orc:2    | Bought a ration for 50 gold pieces
 58669 | Orc:2    | Bought a ration for 50 gold pieces
 58986 | Depths:1 | You fall into a shaft and drop 1 floor!
 58986 | Depths:2 | Found Noppifagg's Weapon Shop.
 58986 | Depths:2 | Found Ovepn's Book Shop.
 58986 | Depths:2 | Found Atarch's General Store.
 59050 | Depths:2 | Found a roughly hewn altar of Beogh.
 59450 | Depths:2 | Found Sofof's Slaves and Accessories.
 59470 | Depths:2 | Reached skill level 10 in Evocations
 59508 | Depths:2 | Found The Legendary Feenes's Legendary Smithy.
 59711 | Depths:2 | Found Jack's Jerk-a-riffic Jerky.
 59864 | Depths:2 | Found Ostruywob's Miraculous Elixirs.
 59881 | Depths:2 | Reached XP level 21. HP: 204/206 MP: 28/28
 60083 | Depths:2 | Identified the +2 hat of Winaqy {rElec rC- SInv} (You found
                  | it on level 2 of the Depths)
 60431 | Depths:2 | Noticed a greater mummy
 60449 | Depths:2 | Killed a greater mummy
 60454 | Depths:2 | Found an ancient bone altar of Kikubaaqudgha.
 61007 | Depths:2 | Found a gateway to Hell.
 61396 | Depths:2 | Learned a level 6 spell: Dispersal
 61443 | Depths:3 | Found a one-way gate to the infinite horrors of the Abyss.
 61677 | Depths:3 | Reached skill level 17 in Fighting
 63643 | Depths:3 | Found a gateway to a ziggurat.
 63859 | Depths:3 | Noticed an ancient lich
 63874 | Depths:3 | Killed an ancient lich
 63905 | Depths:3 | Found a one-way gate leading to the halls of Pandemonium.
 64410 | Depths:4 | Found a runed translucent door.
 64557 | Depths:4 | Reached XP level 22. HP: 156/216 MP: 29/29
 65072 | Depths:4 | Noticed a golden dragon
 65792 | Depths:4 | Found Yliguipn's Jewellery Shoppe.
 65921 | Depths:4 | Bought a cursed ring of teleportation for 99 gold pieces
 65924 | Depths:4 | Bought a +6 ring of slaying for 3163 gold pieces
 65988 | Depths:4 | Killed a golden dragon
 66089 | Depths:4 | Got a twitching steel ring
 66238 | Depths:4 | Found a portal to a secret trove of treasure.
 66714 | Depths:4 | Reached skill level 15 in Shields
 66903 | Depths:4 | Identified the cursed +1 leather armour "Qiphoet" {rF+
                  | rCorr} (You found it on level 4 of the Depths)
 66944 | Depths:5 | Entered Level 5 of the Depths
 66956 | Depths:5 | Paralysed by a floating eye for 3 turns
 67231 | Depths:5 | Reached skill level 18 in Fighting
 67445 | Depths:5 | Found a gate to the Realm of Zot.
 67445 | Depths:5 | Noticed a golden dragon
 67507 | Depths:5 | Killed a golden dragon
 67872 | Depths:5 | Found a sparkling altar of Nemelex Xobeh.
 68265 | Depths:5 | Identified the +8 quick blade "Cookie Cutter" {venom, Str+4
                  | Dex+3} (You found it on level 5 of the Depths)
 68306 | Depths:5 | Noticed a golden dragon
 68322 | Depths:5 | Killed a golden dragon
 68491 | Depths:5 | Noticed a golden dragon
 68506 | Depths:5 | Killed a golden dragon
 68652 | Depths:5 | Gained mutation: You are covered in fur. (AC +1) [a
                  | cacodemon]
 69195 | Orc:2    | Bought a book of Clouds for 540 gold pieces
 69376 | D:15     | Identified the ring of Dourir {rElec rN++ MR+ Str-4 Stlth+}
                  | (You found it on level 4 of the Depths)
 69403 | D:15     | Upgraded the game from 0.25-a0-972-g74ed164fb1 to
                  | 0.25-a0-1002-gbcf8c60d55
 69644 | Crypt:1  | Entered Level 1 of the Crypt
 69662 | Crypt:1  | Noticed a greater mummy
 69662 | Crypt:1  | Noticed Khufu
 69827 | Crypt:1  | Noticed a greater mummy
 69833 | Crypt:1  | Killed a greater mummy
 70010 | Crypt:1  | Killed Khufu
 70010 | Crypt:1  | Reached XP level 23. HP: 166/230 MP: 30/30
 70017 | Crypt:1  | Killed a greater mummy
 70545 | Crypt:1  | Paralysed by a vampire knight for 7 turns
 72479 | Crypt:3  | Entered Level 3 of the Crypt
 72578 | Crypt:3  | Noticed a curse toe
 72667 | Crypt:3  | Killed a curse toe
 72864 | Crypt:3  | Found the +8 mithril axe "Arga" {speed, MR+}
 72910 | Crypt:3  | Reached skill level 19 in Fighting
 73188 | Crypt:2  | Found a basalt altar of Yredelemnul.
 73507 | Crypt:3  | Noticed an ancient lich
 73521 | Crypt:3  | Cast into level 5 of the Abyss (an ancient lich)
 73521 | Abyss:5  | Entered Level 5 of the Abyss
 73915 | Crypt:3  | Escaped the Abyss
 73916 | Crypt:3  | Gained mutation: You are clumsy. (Dex -2) [a neqoxec]
 73929 | Crypt:3  | Killed an ancient lich
 73951 | Crypt:3  | Identified the +7 plate armour "Irulonit" {+Blink +Fly
                  | SInv} (You found it on level 3 of the Crypt)
 73953 | Crypt:3  | Identified the +7 trident "Newicyo" {freeze, rN+ Stlth+}
                  | (You found it on level 3 of the Crypt)
 73955 | Crypt:3  | Identified the +4 great mace "Ziaduull" {vamp, *Slow rElec
                  | rC+++ Stlth+} (You found it on level 3 of the Crypt)
 74271 | Crypt:3  | Gained mutation: A powerful demonic guardian rushes to your
                  | aid. [demonic ancestry]
 74271 | Crypt:3  | Reached XP level 24. HP: 231/241 MP: 30/30
 74507 | Crypt:3  | Found a staircase to the Tomb.
 75568 | Vaults:5 | Entered Level 5 of the Vaults
 75848 | Vaults:5 | Identified the ring "Hoorgh" {Fire Str+4 Int-2}
 75986 | Vaults:5 | Reached skill level 5 in Axes
 75990 | Vaults:5 | Noticed a juggernaut
 75991 | Vaults:5 | Noticed a shard shrike
 75991 | Vaults:5 | a juggernaut changed into a shard shrike
 75993 | Vaults:5 | Noticed a juggernaut
 75993 | Vaults:5 | a shard shrike changed into a juggernaut
 75999 | Vaults:5 | Killed a juggernaut
 76124 | Vaults:5 | Noticed an ancient lich
 76137 | Vaults:5 | Killed an ancient lich
 76996 | Vaults:5 | Noticed an ancient lich
 77004 | Vaults:5 | Identified the +3 ring mail of the Eternal Void {rPois rC-
                  | MR++ Regen+}
 77013 | Vaults:5 | Reached skill level 20 in Fighting
 77018 | Vaults:5 | Annihilated by a titan

Illustrated notes

Levels and vault maps discovered:
D:1:      arrival_aquarium_b, layout_loops_ring
D:2:      kb_forest_paths, layout_basic, uniq_jessica
D:3:      layout_loops_ring, yredelemnul_altar_generic, first_ration,
          chequers_big_river, lemuel_tele_altar
D:4:      layout_layer_cave, grunt_temple_overflow_open, uniq_natasha
D:5:      layout_basic, slow_altar_1
D:6:      gammafunk_wand_slinger, layout_basic, okawaru_gym_becter
D:7:      layout_basic, minmay_temple_entry_statues_pillars,
          uniq_crazy_yiuf_cottage
D:8:      layout_basic, grunt_temple_overflow_cloverleaf,
          kennysheep_nondescript, minmay_shop_damaged, david_nohive_1,
          nicolae_ru_great_annihilating_truth, uniq_psyche
D:9:      nrook_guardian_serpent_snake_passage, layout_basic,
          minmay_lair_entry_grove, enter_bailey_2, minivault_14, uniq_pikel,
          uniq_erica, uniq_grum
D:10:     layout_rooms, orc_0_dummy, abandoned_shop, st_stairs_4, wad_scary_box,
          uniq_maggie
D:11:     layout_basic, basic_altar, uniq_josephine
D:12:     layout_long_grid, serial_undead, serial_undead_a, serial_undead_e,
          serial_undead_a, serial_undead_c, serial_undead_f, serial_undead_f,
          serial_undead_f, serial_undead_e, serial_undead_f, serial_undead_c,
          xom_teletrap_fun
D:13:     layout_roguey, ximxim_vaults_locker_room, kennysheep_windowed_goal,
          uniq_urug, uniq_azrael, uniq_snorg
D:14:     layout_loops_ring, serial_shops, nicolae_shop_stone, uniq_roxanne
D:15:     grunt_enter_depths_hoard, layout_small_grid, zin_angel,
          lightli_wizard_tower, uniq_rupert
Temple:   grunt_temple_mini_profane
Lair:1:   layout_regular_city, fungi_pond_lemuel, guppyfry_lair_drakes,
          lemuel_fruit_tree, uniq_gastronok
Lair:2:   regret_index_wax_grids, layout_regular_city,
          nicolae_spider_entry_tight_spaces, gauntlet_entry_generic,
          minmay_another_anthill
Lair:3:   layout_small_grid, swamp_mist_pool, enter_volcano_2
Lair:4:   layout_regular_city, serial_bayou, serial_bayou_lagoon_b,
          serial_bayou_lake_a, serial_bayou_pond_d, serial_bayou_pond_e,
          lemuel_fruit_fields
Lair:5:   layout_regular_city, nicolae_quartered_pool_medium
Lair:6:   grunt_lair_end_beastmaster, layout_cave_pods,
          minmay_slime_entry_oklob_open, grunt_forest_large_clearing_hut
Swamp:1:  layout_basic_swamp, evilmike_swamp_ruin_rubble_1
Swamp:2:  layout_basic_swamp, portal_ice_cave_entry_dragon,
          infiniplex_staircase_pool
Swamp:3:  cheibrodos_swamp_monstrosity, layout_falls_marsh,
          hangedman_swamp_ruin_wall
Swamp:4:  swamp_basic_johnstein, layout_basic_swamp
Spider:1: layout_spider_delve, drop_trap, uniq_nikola, uniq_louise
Spider:2: layout_spider_delve, gammafunk_ghost_split, hive_lemuel, uniq_arachne,
          uniq_frances
Spider:3: layout_spider_delve, uniq_bai_suzhen
Spider:4: floodkiller_spider_rune_tomb
Orc:1:    layout_diamond_mine, serial_shops, shop, nicolae_alphabet_shops,
          nicolae_orc_flooded_monolith, statue_in_the_mist_lemuel,
          bloody_makhleb
Orc:2:    st_orc_open, layout_caves, serial_shops, nicolae_shop_window_shopping,
          shop, shop, nicolae_shop_waterfront, uniq_donald
Vaults:1: nicolae_vaults_shelves_hall, v_rooms_1, v_misc_1, v_misc_4,
          hangedman_vaults_locks, vaults_dpeg_hooks, ontoclasm_vaults_eye,
          nicolae_vaults_what_the_h, v_misc_15, grunt_vaults_bifocal,
          nicolae_vaults_holding_cells, layout_vaults_big_cross, serial_shops,
          bzr_firewalk
Vaults:2: nicolae_vaults_stairing_the_circle, ontoclasm_vaults_gateway,
          nicolae_vaults_network_barrier, v_rooms_5, v_alt_pattern_1,
          ontoclasm_vaults_loading_screen, hangedman_vaults_corner,
          nicolae_vaults_mini_display_case, hangedman_vaults_hat,
          vaults_room_hallway, layout_vaults_chaotic_city, uniq_margery
Vaults:3: minmay_crypt_entry_simple_walls, ontoclasm_vaults_bender,
          vaults_mumra_chevron, v_rooms_2, special_room_vaults
          [special_room_orc], v_misc_24, v_misc_33, ontoclasm_vaults_idyll,
          nicolae_vaults_network_quinsquares
          [nicolae_vaults_network_quincunx_subvault,
          nicolae_vaults_network_quincunx_subvault,
          nicolae_vaults_network_quincunx_subvault,
          nicolae_vaults_network_quincunx_subvault], layout_vaults_omnibox
Vaults:4: nicolae_vaults_triangles, nicolae_vaults_shelves_hall,
          hangedman_vaults_stretched_pinwheel,
          nicolae_vaults_diagonal_hallway_9, v_rooms_4,
          nicolae_vaults_border_crossing, layout_vaults_omnigrid, serial_shops,
          shop, uniq_mara
Vaults:5
Crypt:1:  layout_catacombs, grunt_crypt_arrival_split, uniq_khufu
Crypt:2:  lemuel_upstairs_altar, layout_chaotic_city
Crypt:3:  david_glass_crypt, layout_misc_corridors, tomb_entry_forgotten_bobbens
Depths:1: minmay_crescents, layout_basic, hell_entry, hangedman_decor_riveting,
          abandoned_shop, minmay_swirly_circle, uniq_enchantress
Depths:2: grated_community_mu [grated_community_mu_vampire_home,
          grated_community_mu_giant_home, grated_community_mu_spellcaster_home,
          grated_community_mu_orcish_home, grated_community_mu_troll_home,
          grated_community_mu_taur_home, grated_community_mu_unbuilt_plot],
          layout_twisted_cross, hangedman_geh_valley, minmay_misc_feat_x,
          minmay_shoptagon, infiniplex_staircase_split_hallway
Depths:3: hangedman_crystal_crosses_colossus [crystal_crosses_arms_four,
          crystal_crosses_arms_four, crystal_crosses_arms_two,
          crystal_crosses_arms_two], pan_entry, abyss_entry, hell_entry
Depths:4: minmay_the_grid_triangle_9x9_recursive_2
          [minmay_the_grid_triangle_9x9_prize_schism,
          minmay_the_grid_triangle_9x9_sparse_checkered,
          minmay_the_grid_triangle_9x9_alien,
          minmay_the_grid_triangle_9x9_flanged_cone], layout_basic,
          grunt_pan_entry_spiral, marbit_kobold_abyss_entry, hell_entry,
          nicolae_trove_entry_diagonal, serial_shops, shop_fountains,
          minmay_misc_feat_nine_boxes, minmay_acid_items,
          infiniplex_staircase_pool_2, serial_bayou_shore_b
Depths:5: grunt_twist_and_shout, layout_long_grid, rand_demon_pan_entry_3,
          nemelex_xobeh_ov_fountains_minmay, hell_entry, serial_bayou_shore_b

Skill      XL: |  1  2  3  4  5  6  7  8  9 10 11 12 13 14 15 16 17 18 19 20 21 22 23 24 |
---------------+-------------------------------------------------------------------------+-----
Dodging        | 2 3 4 6 7 8 9 10 11 12 13 14 15 16 17 18 | 18.7
Fighting       | 4 5 7 8 9 10 11 12 13 14 15 16 17 18 19 20 | 20.0
Armour         | 2 3 4 5 6 8 9 10 11 12 13 14 15 16 17 18 | 18.6
Axes           | 2 5 |  5.0
Short Blades   | 1 3 4 |  4.5
Stealth        | 4 6 8 9 10 11 | 11.4
Shields        | 3 5 7 8 9 10 11 12 13 14 15 16 17 | 17.2
Spellcasting   | 2 3 4 |  4.2
Long Blades    | 3 9 |  9.5
Evocations     | 5 8 10 | 10.0
Translocations | 12 | 12.7
Throwing       | |  1.0

Action                   |  1- 3 |  4- 6 |  7- 9 | 10-12 | 13-15 | 16-18 | 19-21 | 22-24 || total
-------------------------+-------+-------+-------+-------+-------+-------+-------+-------++-------
Melee: Hand axe          |   107 |   205 |    23 |       |       |       |       |       ||   335
       Short sword       |       |       |   270 |     3 |       |       |       |       ||   273
       Quarterstaff      |       |       |    39 |     7 |       |       |       |       ||    46
       Whip              |       |       |   135 |   537 |   637 |       |       |       ||  1309
       Scimitar          |       |       |       |   218 |   884 |  1456 |  2390 |  1833 ||  6781
       Dagger            |       |       |       |   127 |    50 |       |       |       ||   177
       Flail             |       |       |       |       |     1 |       |       |       ||     1
       Rapier            |       |       |       |       |   687 |   874 |   244 |       ||  1805
       Mace              |       |       |       |       |    75 |    23 |   202 |       ||   300
       Quick blade       |       |       |       |       |       |       |       |    44 ||    44
       Broad axe         |       |       |       |       |       |       |       |   371 ||   371
 Fire: Hunting sling     |       |       |       |    22 |       |       |       |       ||    22
Throw: Dart              |       |    41 |    92 |    78 |     2 |       |       |     3 ||   216
       Stone             |       |       |       |     4 |       |       |       |       ||     4
       Boomerang         |       |       |       |       |    48 |    35 |     4 |     4 ||    91
 Cast: Blink             |       |       |       |       |       |     4 |       |       ||     4
       Shroud of Golubri |       |       |       |       |       |     2 |     4 |       ||     6
Invok: Call Merchant     |       |       |       |     1 |     2 |     1 |     2 |     1 ||     7
       Potion Petition   |       |       |       |     1 |     3 |     6 |     1 |     2 ||    13
Evoke: Wand              |       |       |     5 |    31 |    41 |    38 |     5 |    10 ||   130
       Box of beasts     |       |       |       |     1 |       |       |       |     3 ||     4
       Lightning rod     |       |       |       |       |       |     2 |     9 |       ||    11
       Phial of floods   |       |       |       |       |       |     1 |     2 |     1 ||     4
  Use: Scroll            |       |     6 |    18 |     7 |    27 |    22 |    11 |    17 ||   108
       Potion            |       |       |     3 |    14 |     8 |     6 |     3 |     9 ||    43
 Stab: Sleeping          |     4 |     1 |     5 |    29 |    47 |    92 |    40 |    20 ||   238
       Distracted        |     1 |     1 |     2 |    10 |    34 |    31 |    47 |    40 ||   166
       Paralysed         |       |       |     1 |    14 |     1 |     2 |     6 |       ||    24
       Petrified         |       |       |       |     2 |       |       |       |       ||     2
       Confused          |       |       |       |       |       |     1 |       |       ||     1
       Invisible         |       |       |       |       |       |       |       |     3 ||     3
  Eat: Chunk             |     2 |    13 |     3 |       |       |       |       |       ||    18
       Ration            |       |       |     6 |     6 |    17 |    16 |    14 |    12 ||    71
Armor: Robe              |     6 |       |       |       |       |       |       |       ||     6
       Ring mail         |    31 |    71 |   152 |   253 |   651 |       |       |       ||  1158
       Skin              |       |       |    28 |       |       |       |       |       ||    28
       Swamp dragon scal |       |       |       |       |   153 |   750 |   647 |   658 ||  2208
Dodge: Dodged            |    82 |   140 |   279 |   467 |  1760 |  1532 |  1582 |  1229 ||  7071
Block: Other             |       |     5 |    26 |     1 |       |       |       |       ||    32
       Reflection        |       |       |     1 |     3 |    11 |    28 |    59 |    28 ||   130
       Kite shield       |       |       |       |   297 |  1797 |  2135 |  2316 |  1905 ||  8450
       Rpst.: Scimitar   |       |       |       |    24 |   208 |   179 |   236 |   174 ||   821

Table legend:
 A = Non-vault XP
 B = Vault XP
 C = Vault XP percentage of total XP
 D = Non-vault monster count
 E = Vault monster count
 F = Vault count percentage of total count
                 A         B        C        D         E       F
            +---------+---------+-------+---------+---------+-------
      Total |  562767 |  560635 |  49.9 |    1436 |     773 |  35.0
            +---------+---------+-------+---------+---------+-------
        D:1 |      42 |       0 |   0.0 |      26 |       0 |   0.0
        D:2 |      64 |      54 |  45.8 |      20 |       7 |  25.9
        D:3 |     218 |       0 |   0.0 |      31 |       0 |   0.0
        D:4 |     539 |      21 |   3.8 |      26 |       1 |   3.7
        D:5 |     322 |      18 |   5.3 |      13 |       1 |   7.1
        D:6 |     251 |       0 |   0.0 |       6 |       0 |   0.0
        D:7 |     492 |      40 |   7.5 |      11 |       1 |   8.3
        D:8 |    1522 |    1536 |  50.2 |      33 |      21 |  38.9
        D:9 |    2144 |    4239 |  66.4 |      21 |      21 |  50.0
       D:10 |    5628 |    4221 |  42.9 |      35 |      10 |  22.2
       D:11 |    3656 |     594 |  14.0 |      21 |       3 |  12.5
       D:12 |    3668 |    1630 |  30.8 |      24 |      11 |  31.4
       D:13 |    7899 |   10376 |  56.8 |      32 |      25 |  43.9
       D:14 |   11946 |       0 |   0.0 |      47 |       0 |   0.0
       D:15 |    6159 |    5129 |  45.4 |      22 |       5 |  18.5
     Lair:1 |    4767 |    2703 |  36.2 |      18 |       4 |  18.2
     Lair:2 |     472 |    9126 |  95.1 |       4 |      64 |  94.1
     Lair:3 |    4784 |       0 |   0.0 |      23 |       0 |   0.0
     Lair:4 |    6405 |       0 |   0.0 |      31 |       0 |   0.0
     Lair:5 |   12489 |       0 |   0.0 |      40 |       0 |   0.0
     Lair:6 |    7742 |   10008 |  56.4 |      23 |      19 |  45.2
    Swamp:1 |   10133 |       0 |   0.0 |      21 |       0 |   0.0
    Swamp:2 |   11554 |    1012 |   8.1 |      31 |       1 |   3.1
    Swamp:3 |    7609 |    2657 |  25.9 |      19 |       1 |   5.0
    Swamp:4 |    7780 |   19734 |  71.7 |      20 |      31 |  60.8
   Spider:1 |   11575 |    5827 |  33.5 |      40 |       2 |   4.8
   Spider:2 |   15604 |    7092 |  31.2 |      38 |       8 |  17.4
   Spider:3 |   15406 |    5135 |  25.0 |      41 |       1 |   2.4
   Spider:4 |    6633 |    2286 |  25.6 |      22 |       5 |  18.5
      Orc:1 |    1011 |    4148 |  80.4 |      11 |       7 |  38.9
      Orc:2 |    1184 |   11562 |  90.7 |      22 |      28 |  56.0
   Vaults:1 |   21860 |   17726 |  44.8 |      63 |      32 |  33.7
   Vaults:2 |   34281 |    9800 |  22.2 |      74 |      18 |  19.6
   Vaults:3 |   36196 |   22323 |  38.1 |      74 |      39 |  34.5
   Vaults:4 |   34100 |   23713 |  41.0 |      64 |      22 |  25.6
   Vaults:5 |   20372 |  101768 |  83.3 |      40 |      81 |  66.9
    Crypt:1 |   19577 |   17173 |  46.7 |      39 |       4 |   9.3
    Crypt:2 |   49144 |       0 |   0.0 |      59 |       0 |   0.0
    Crypt:3 |   32387 |   32071 |  49.8 |      45 |      16 |  26.2
   Depths:1 |   31343 |   36350 |  53.7 |      49 |      28 |  36.4
   Depths:2 |   29732 |   46920 |  61.2 |      41 |      71 |  63.4
   Depths:3 |       0 |   67712 | 100.0 |       0 |      54 | 100.0
   Depths:4 |   32932 |   32566 |  49.7 |      48 |      36 |  42.9
   Depths:5 |   31834 |   25792 |  44.8 |      31 |      20 |  39.2
    Abyss:5 |   19311 |    4853 |  20.1 |      37 |       5 |  11.9
     Bailey |       0 |    1902 | 100.0 |       0 |      16 | 100.0
      IceCv |       0 |   10818 | 100.0 |       0 |      54 | 100.0
            +---------+---------+-------+---------+---------+-------
